 Dungeon Crawl Stone Soup version 0.31-a0-246-g8cbcc1cb85 (webtiles) character file.

Game seed: 92262289853118783

36 qw the Shooter (level 3, 0/21 HPs)
             Began as a Gargoyle Hexslinger on July 12, 2023.
             Slain by a goblin
             ... wielding a +0 club
             ... led by Robin
              (4 damage)
             ... on level 2 of the Dungeon.
             The game lasted 00:00:20 (1060 turns).

qw the Shooter (Gargoyle Hexslinger)                Turns: 1060, Time: 00:00:21

Health: 0/21       AC:  6    Str: 11    XL:     3   Next: 37%
Magic:  4/4        EV: 11    Int: 13    God:
Gold:   78         SH:  0    Dex: 14    Spells: 3/4 levels left

rFire   . . .        Y - +1 sling
rCold   . . .        (no shield)
rNeg    + . .        f - +0 leather armour
rPois   inf          (no helmet)
rElec   +            (no cloak)
rCorr   .            (no gloves)
SInv    .            (no boots)
Will    .....        (no amulet)
Stlth   +            (no ring)
HPRegen 0.23/turn    (no ring)
MPRegen 0.09/turn

%: no passive effects
@: no status effects
A: sickness immunity, AC +3, negative energy resistance 1, electricity
resistance, torment resistance 1, petrification resistance
a: no special abilities


You were on level 2 of the Dungeon.
You visited 1 branch of the dungeon, and saw 2 of its levels.

You collected 78 gold pieces.


Innate Abilities, Weirdness & Mutations

You are immune to sickness and miasma.
Your stone body is resilient. (AC +3)
You are immune to poison.
You resist negative energy. (rN+)
You are resistant to electric shocks. (rElec)
You are resistant to unholy torment.
You are immune to petrification.


   Skills:
 - Level 2.0 Fighting
 + Level 3.3 Ranged Weapons
 - Level 1.5 Dodging
 - Level 1.0 Spellcasting
 - Level 2.6 Hexes


You had 3 spell levels left.
You knew the following spells:

 Your Spells              Type           Power      Damage    Failure   Level
a - Slow                  Hex            28%        N/A       12%         1

Your spell library contained the following spells:

 Spells                   Type           Power      Damage    Failure   Level
 Inner Flame              Hex/Fire       4%         N/A       54%         3
 Portal Projectile        Hex/Tloc       8%         N/A       54%         3
 Cause Fear               Hex            3%         N/A       77%         4

Inventory:

Hand Weapons
 Y - a +1 sling (weapon)
Armour
 c - a +0 ring mail
 f - a +0 leather armour (worn)
Scrolls
 d - a scroll of noise {unknown}
Potions
 a - a potion of brilliance {unknown}
 b - a potion of berserk rage {unknown}

Dungeon Overview and Level Annotations

Branches:
Dungeon (2/15)

Altars:

Annotations:
D:2 Robin


Message History

The sling bullet barely misses the goblin.
The sling bullet hits the goblin.
You kill the goblin!
A hobgoblin comes into view.
The goblin misses you.
A goblin comes into view. It is wielding a +0 dagger.
You shoot a sling bullet. The hobgoblin shouts!
The sling bullet hits the goblin.
The goblin is moderately wounded.
The goblin misses you.
You shoot a sling bullet.
The sling bullet closely misses the goblin.
The sling bullet hits the endoplasm!
You kill the endoplasm!
The goblin hits you but does no damage. The goblin hits you with a +0 club.
A goblin comes into view. It is wielding a +0 club.
Robin throws the goblin at you!
You shoot a sling bullet.
The sling bullet barely misses the goblin.
The sling bullet closely misses the goblin.
A hobgoblin comes into view.
The goblin completely misses you.
The goblin hits you but does no damage. x2
You shoot a sling bullet. The hobgoblin shouts!
The sling bullet hits the goblin.
You kill the goblin!
A giant cockroach comes into view.
The goblin closely misses you. Robin hits you with a +0 club.
The goblin hits you with a +0 dagger. The goblin barely misses you.
The giant cockroach moves out of view.
You shoot a sling bullet.
The sling bullet hits Robin but does no damage.
The goblin hits you with a +0 club. x2; Robin throws the goblin at you!
The goblin hits you but does no damage.
A goblin comes into view. It is wielding a +0 dagger of venom.
The goblin hits you but does no damage. x2
The goblin hits you with a +0 dagger. The goblin barely misses you.
The goblin hits you with a +0 club.
You die...

... ... . ... ..
?.... .. ....g. .
#....g##. #......#
#....#g## #..gg@g#
#.#..ggg## #+#
#...#..### #.#
[..#.###...######.#
......
###........##
..>.## ###.......#
.... ###.......####
.. #.............
#...####.%....


You could see Robin, 2 hobgoblins and 6 goblins.

Vanquished Creatures
  A dart slug (D:1)
  An endoplasm (D:2)
  7 giant cockroaches
  7 goblins
  4 hobgoblins
  2 ball pythons
  4 bats
  2 kobolds (D:1)
28 creatures vanquished.

Notes
Turn   | Place    | Note
-------+----------+-------------------------------------------
     0 | D:1      | qw the Gargoyle Hexslinger began the quest for the Orb.
     0 | D:1      | Reached XP level 1. HP: 12/12 MP: 2/2
     0 | D:1      | 0 ||| qw: Version: 0.3-a-52-g30416fa
     0 | D:1      | 0 ||| qw: Game counter: 6410
     0 | D:1      | 0 ||| qw: Melee chars always use a shield: true
     0 | D:1      | 0 ||| qw: God list: Okawaru
     0 | D:1      | 0 ||| qw: Allow faded altars: false
     0 | D:1      | 0 ||| qw: Do Orc after clearing Dungeon:15 true
     0 | D:1      | 0 ||| qw: Do second Lair branch before Depths: true
     0 | D:1      | 0 ||| qw: Lair rune preference: random
     0 | D:1      | 0 ||| qw: Goals: Normal
     0 | D:1      | 0 ||| PLANNING D:1-11
    12 | D:1      | Found a faded altar of an unknown god.
   217 | D:1      | Reached XP level 2. HP: 16/16 MP: 3/3
   458 | D:1      | Reached skill level 3 in Ranged Weapons
   619 | D:1      | Reached XP level 3. HP: 21/21 MP: 4/4
   898 | D:1      | 898 ||| UPGRADING to +0 leather armour.
   908 | D:1      | 908 ||| DROPPING +0 robe.
   909 | D:1      | 909 ||| READING scroll labelled OMUK OZ BOV.
   910 | D:1      | 910 ||| READING scroll labelled AKLEJATUQY.
   911 | D:1      | 911 ||| DROPPING scroll of poison.
  1051 | D:2      | Noticed Robin
  1060 | D:2      | HP: 4/21 [goblin/+0 dagger[Robin] (5)]
  1060 | D:2      | Slain by a goblin

Levels and vault maps discovered:
D:1:      lightli_arrival_statuegarden, layout_basic,
          hellmonk_ecumenical_altar_arch_garden, minmay_worlds_worst_comb
D:2:      minmay_wonky_spiral, layout_basic, basic_altar,
          minmay_misc_feat_secret_circle, minivault_14, uniq_robin

Skill      XL: |  1  2 |
---------------+-------+-----
Ranged Weapons | 3 |  3.3
Fighting       | 2 |  2.0
Dodging        | |  1.5
Spellcasting   | |  1.0
Hexes          | |  2.6

Action                     || total
---------------------------++-------
   Fire: Sling             ||    80
    Use: Scroll            ||     2
 Armour: Robe              ||     5
         Leather armour    ||     9
  Dodge: Dodged            ||    24

Table legend:
 A = Non-vault XP
 B = Vault XP
 C = Vault XP percentage of total XP
 D = Non-vault monster count
 E = Vault monster count
 F = Vault count percentage of total count
                 A         B        C        D         E       F
            +---------+---------+-------+---------+---------+-------
      Total |      39 |      13 |  25.0 |      21 |       7 |  25.0
            +---------+---------+-------+---------+---------+-------
        D:1 |      26 |       8 |  23.5 |      14 |       4 |  22.2
        D:2 |      13 |       5 |  27.8 |       7 |       3 |  30.0
            +---------+---------+-------+---------+---------+-------
